 Dungeon Crawl Stone Soup version 0.28.0-53-g5a82cb258f (webtiles) character file.

Game seed: 4321692336237547032

111 bnorton916 the Magician (level 4, -1/24 HPs)
             Began as a Deep Elf Fire Elementalist on Aug 11, 2022.
             Slain by Grinder (4 damage)
             ... on level 3 of the Dungeon.
             The game lasted 00:02:45 (3220 turns).

bnorton916 the Magician (DEFE)                      Turns: 3220, Time: 00:02:45

Health: -1/24      AC:  8    Str:  5    XL:     4   Next: 62%
Magic:  6/12       EV: 12    Int: 22    God:
Gold:   91         SH:  0    Dex: 15    Spells: 2/12 levels left

rFire   . . .      SeeInvis .   (no weapon)
rCold   . . .      Faith    .   (no shield)
rNeg    . . .      Spirit   .   a - +0 robe
rPois   .          Reflect  .   (no helmet)
rElec   .          Harm     .   i - +1 cloak
rCorr   .          Rampage  .   (no gloves)
Will    .....                   (no boots)
Stlth   ++........              (no amulet)
HPRegen 0.08/turn               j - +4 ring of protection
MPRegen 0.13/turn               (no ring)

@: no status effects
A: no striking features
a: no special abilities


You were on level 3 of the Dungeon.
You visited 1 branch of the dungeon, and saw 3 of its levels.

You collected 91 gold pieces.

Inventory:

Missiles
 b - 87 stones
Armour
 a - a +0 robe (worn)
 i - a +1 cloak (worn)
Jewellery
 j - a +4 ring of protection (left hand)
Scrolls
 c - 3 scrolls of identify {unknown}
 f - a scroll of noise {unknown}
 m - 3 scrolls of teleportation {unknown}
 n - a scroll of silence {unknown}
Potions
 d - a potion of brilliance {unknown}
 e - a potion of lignification {unknown}
 g - a potion of resistance {unknown}
 h - a potion of might {unknown}
 k - 2 potions of ambrosia {unknown}
 l - a potion of haste {unknown}


   Skills:
 - Level 2.4 Dodging
 - Level 2.4 Stealth
 + Level 4.5 Spellcasting
 + Level 3.0 Conjurations
 + Level 4.3 Fire Magic


You had 2 spell levels left.
You knew the following spells:

 Your Spells              Type           Power      Damage    Failure   Level
a - Foxfire               Conj/Fire      84%        2x1d8     2%          1
b - Scorch                Fire           48%        2d7       2%          2
c - Conjure Flame         Conj/Fire      21%        6-21      7%          3
d - Flame Wave            Conj/Fire      21%        2d7       24%         4

Your spell library contained the following spells:

 Spells                   Type           Power      Damage    Failure   Level
 Summon Small Mammal      Summ           16%        N/A       11%         1
 Inner Flame              Hex/Fire       14%        N/A       13%         3
 Call Canine Familiar     Summ           4%         N/A       32%         3
 Summon Guardian Golem    Hex/Summ       4%         N/A       32%         3


Dungeon Overview and Level Annotations

Branches:
Dungeon (3/15)

Altars:
Nemelex Xobeh

Annotations:
D:3 Grinder


Message History

You climb downwards.
There is a stone staircase leading up here.
The scorpion stings you.
You climb upwards.
There is a stone staircase leading down here.
You start resting.
HP restored.
You start waiting.
Done waiting.
You start waiting.
Done waiting.
There is a stone staircase leading down here.
You climb downwards.
There is a stone staircase leading up here.
Grinder comes into view.
There is a stone staircase leading up here.
You aren't carrying any items that you can evoke.
Unknown command.
j - a +4 ring of protection (left hand)
There is a stone staircase leading up here.
Grinder shouts!
Casting: Foxfire (safe; 2% risk of failure)
Confirm with . or Enter, or press ? or * to list all spells.
Flames lash Grinder.
Grinder is moderately wounded.
Grinder's fire resistance burns away.
Grinder hits you.
You writhe in agony.
Grinder hits you.
You writhe in agony.
Casting: Scorch (safe; 2% risk of failure)
Confirm with . or Enter, or press ? or * to list all spells.
Flames lash Grinder.
Grinder is burned terribly!
Grinder is severely wounded.
Grinder hits you.
You writhe in agony.
* * * LOW HITPOINT WARNING * * *
Grinder misses you.
Casting: Scorch (safe; 2% risk of failure)
Confirm with . or Enter, or press ? or * to list all spells.
Flames lash Grinder.
Grinder is burned terribly!
Grinder is severely wounded.
Grinder hits you.
You die...

### ##### ##.#
#######.#.####
<..#
#.S.oo..#....#
##o#
#o#####.#<...#
#.# #.#
#.#@########
#o# #o#
#o#.5.......
#o# #.#
#.##########
#.#####.# #o#
#S..ooS.# #S#
#########
##o########
#####..........
#......#....###
#.##...#.##.#


You could see Grinder (combustible).

Vanquished Creatures
  A water moccasin skeleton (D:2)
  2 adders (D:2)
  3 dart slugs
  An orc (D:3)
  5 bats
  An endoplasm (D:1)
  3 giant cockroaches
  3 goblins
  7 hobgoblins
  A quokka (D:2)
  3 ball pythons (D:1)
  2 frilled lizards
  3 kobolds
  2 rats (D:1)
37 creatures vanquished.

Vanquished Creatures (others)
  205 foxfires
205 creatures vanquished.

Grand Total: 242 creatures vanquished

Notes
Turn   | Place    | Note
-------+----------+-------------------------------------------
     0 | D:1      | bnorton916 the Deep Elf Fire Elementalist began the quest
                  | for the Orb.
     0 | D:1      | Reached XP level 1. HP: 10/10 MP: 6/6
   299 | D:1      | Found a faded altar of an unknown god.
   460 | D:1      | Reached XP level 2. HP: 15/15 MP: 5/8
  1611 | D:2      | Reached XP level 3. HP: 19/19 MP: 6/10
  2070 | D:2      | Found a sparkling altar of Nemelex Xobeh.
  2295 | D:2      | Reached XP level 4. HP: 2/24 MP: 3/12
  2892 | D:2      | Learned a level 2 spell: Scorch
  2896 | D:2      | Learned a level 3 spell: Conjure Flame
  2901 | D:2      | Learned a level 4 spell: Flame Wave
  2919 | D:3      | Noticed a scorpion
  3208 | D:3      | Noticed Grinder
  3220 | D:3      | Slain by Grinder

Illustrated notes

Levels and vault maps discovered:
D:1:      dpeg_arrival_round_a, layout_basic, ebering_ecumenical_altar_abandoned
D:2:      layout_loops_cross, basic_altar
D:3:      layout_basic, amcnicky_mini_corridor_feature, uniq_grinder

Skill      XL: |  1  2  3  4 |
---------------+-------------+-----
Conjurations   | 2 3 |  3.0
Spellcasting   | 4 |  4.5
Fire Magic     | 4 |  4.3
Dodging        | |  2.4
Stealth        | |  2.4

Action                   |  1- 3 |  4- 6 || total
-------------------------+-------+-------++-------
 Cast: Foxfire           |   116 |    13 ||   129
       Scorch            |       |     3 ||     3
Armor: Robe              |     6 |     3 ||     9
Dodge: Dodged            |    18 |    10 ||    28
